% Time on Ice - LAS VEGAS LIZARD KINGS
Lines # - Real PCT - Wanted PCT - Time Play
Normal Forward
1 - 36% - 36% - 18:36
2 - 29% - 30% - 15:14
3 - 23% - 25% - 12:01
4 - 12% - 9% - 6:22
Normal Defense
1 - 43% - 45% - 22:20
2 - 32% - 35% - 16:35
3 - 25% - 20% - 13:18
4 - 0% - 0% - 0:00
PP Forward
1 - 49% - 65% - 3:19
2 - 51% - 35% - 3:26
PP Defense
1 - 45% - 55% - 3:04
2 - 55% - 45% - 3:41
PK Forward
1 - 65% - 55% - 0:40
2 - 35% - 45% - 0:22
PK Defense
1 - 45% - 60% - 0:28
2 - 55% - 40% - 0:34
PK3 Forward
1 - 0% - 55%
2 - 0% - 45%
PK3 Defense
1 - 0% - 55%
2 - 0% - 45%
44 Forward
1 - 0% - 55%
2 - 0% - 45%
44 Defense
1 - 0% - 55%
2 - 0% - 45%
Last Minute Offensive  - 0:00
Last Minute Defensive  - 0:00
Total
Forward - 60:00
Defense - 60:00
% Time on Ice - KANSAS CITY KILLERBEES
Lines # - Real PCT - Wanted PCT - Time Play
Normal Forward
1 - 35% - 36% - 18:02
2 - 27% - 31% - 14:07
3 - 22% - 23% - 11:30
4 - 16% - 10% - 8:34
Normal Defense
1 - 35% - 36% - 18:06
2 - 29% - 31% - 14:53
3 - 31% - 23% - 16:04
4 - 6% - 10% - 3:10
PP Forward
1 - 32% - 55% - 0:20
2 - 68% - 45% - 0:42
PP Defense
1 - 71% - 55% - 0:44
2 - 29% - 45% - 0:18
PK Forward
1 - 67% - 55% - 4:30
2 - 33% - 45% - 2:15
PK Defense
1 - 56% - 55% - 3:46
2 - 44% - 45% - 2:59
PK3 Forward
1 - 0% - 55%
2 - 0% - 45%
PK3 Defense
1 - 0% - 55%
2 - 0% - 45%
44 Forward
1 - 0% - 55%
2 - 0% - 45%
44 Defense
1 - 0% - 55%
2 - 0% - 45%
Last Minute Offensive  - 0:00
Last Minute Defensive  - 0:00
Total
Forward - 60:00
Defense - 60:00
Play-by-Play 1st period 0:01 of 1st period - Boone Jenner wins face-off versus Ryan Nugent-Hopkins in neutral zone. 2:26 of 1st period - Icing by Alexis Lafreniere. 2:27 of 1st period - Nicolas Aube-Kubel wins face-off versus Luke Glendening in KANSAS CITY KILLERBEES zone. 3:02 of 1st period - Shot by Morgan Barron. 3:02 of 1st period - Stopped by Sergei Bobrovsky without a rebound. 3:03 of 1st period - Ryan Nugent-Hopkins wins face-off versus MacKenzie Entwistle in LAS VEGAS LIZARD KINGS zone. 3:25 of 1st period - Off-side. 3:26 of 1st period - Boone Jenner wins face-off versus Vladislav Namestnikov in neutral zone. 4:31 of 1st period - Patrik Nemeth is hit by Zach Aston-Reese and loses puck. 4:58 of 1st period - Off-side. 4:59 of 1st period - Jeff Carter wins face-off versus MacKenzie Entwistle in neutral zone. 5:10 of 1st period - Shot by MacKenzie Entwistle. 5:10 of 1st period - Stopped by Sergei Bobrovsky with a rebound. 5:12 of 1st period - Shot by Denis Gurianov. 5:12 of 1st period - Shot Blocked by Matthew Grzelcyk. 5:22 of 1st period - Shot by Denis Gurianov. 5:22 of 1st period - Shot Misses the Net. 6:38 of 1st period - Shot by K'Andre Miller. 6:38 of 1st period - Shot Misses the Net. 6:42 of 1st period - Shot by Boone Jenner. 6:42 of 1st period - Goal by Boone Jenner - LAS VEGAS LIZARD KINGS : 0 - KANSAS CITY KILLERBEES : 1. 6:43 of 1st period - Johnny Gaudreau wins face-off versus Morgan Barron in neutral zone. 6:43 of 1st period - Johnny Gaudreau is hit by Morgan Barron. 7:01 of 1st period - Shot by Joe Pavelski. 7:01 of 1st period - Stopped by John Gibson without a rebound. 7:02 of 1st period - Boone Jenner wins face-off versus Luke Glendening in KANSAS CITY KILLERBEES zone. 7:02 of 1st period - Boone Jenner is hit by Ty Dellandrea. 8:01 of 1st period - Off-side. 8:02 of 1st period - Vladislav Namestnikov wins face-off versus Morgan Barron in neutral zone. 8:21 of 1st period - Shot by Vladislav Namestnikov. 8:21 of 1st period - Shot Blocked by Jacob Muzzin. 8:23 of 1st period - Shot by Vladislav Namestnikov. 8:23 of 1st period - Stopped by John Gibson without a rebound. 8:24 of 1st period - Ryan Nugent-Hopkins wins face-off versus Nicolas Aube-Kubel in KANSAS CITY KILLERBEES zone. 9:28 of 1st period - Shot by Vladislav Namestnikov. 9:28 of 1st period - Shot Misses the Net. 9:58 of 1st period - Shot by Philipp Kurashev. 9:58 of 1st period - Shot Blocked by Matthew Grzelcyk. 10:00 of 1st period - Shot by Boone Jenner. 10:00 of 1st period - Stopped by Sergei Bobrovsky without a rebound. 10:01 of 1st period - Morgan Barron wins face-off versus Jeff Carter in LAS VEGAS LIZARD KINGS zone. 10:01 of 1st period - Mattias Ekholm is hit by Jalen Chatfield and loses puck. 10:11 of 1st period - K'Andre Miller is hit by Jalen Chatfield and loses puck. 10:24 of 1st period - Shot by Morgan Barron. 10:24 of 1st period - Stopped by Sergei Bobrovsky with a rebound. 10:53 of 1st period - Boone Jenner is hit by Patrik Nemeth and loses puck. 10:58 of 1st period - Shot by Boone Jenner. 10:58 of 1st period - Shot Blocked by Jalen Chatfield. 11:01 of 1st period - Philipp Kurashev is hit by Patrik Nemeth and loses puck. 12:22 of 1st period - Shot by Alexis Lafreniere. 12:22 of 1st period - Goal by Alexis Lafreniere - LAS VEGAS LIZARD KINGS : 0 - KANSAS CITY KILLERBEES : 2. 12:23 of 1st period - Vladislav Namestnikov wins face-off versus Morgan Barron in neutral zone. 12:42 of 1st period - Shot by Brandon Hagel. 12:42 of 1st period - Deflect By Evan Rodrigues. 12:42 of 1st period - Stopped by John Gibson without a rebound. 12:43 of 1st period - Luke Glendening wins face-off versus Nicolas Aube-Kubel in KANSAS CITY KILLERBEES zone. 12:48 of 1st period - Shot by Ty Dellandrea. 12:48 of 1st period - Shot Blocked by Jacob Muzzin. 12:56 of 1st period - Shot by James van Riemsdyk. 12:56 of 1st period - Shot Misses the Net. 13:03 of 1st period - James van Riemsdyk is hit by Matthew Grzelcyk and loses puck. 13:16 of 1st period - Shot by Alexis Lafreniere. 13:16 of 1st period - Shot Blocked by Matthew Grzelcyk. 13:17 of 1st period - Minor Penalty to Matt Roy for Interference. 13:18 of 1st period - Boone Jenner wins face-off versus Ty Dellandrea in LAS VEGAS LIZARD KINGS zone. 13:19 of 1st period - Shot by Philipp Kurashev. 13:19 of 1st period - Stopped by Sergei Bobrovsky without a rebound. 13:20 of 1st period - Jakub Voracek wins face-off versus Ty Dellandrea in LAS VEGAS LIZARD KINGS zone. 13:55 of 1st period - Shot by K'Andre Miller. 13:55 of 1st period - Shot Blocked by Brayden McNabb. 14:19 of 1st period - Shot by Boone Jenner. 14:19 of 1st period - Goal by Boone Jenner - LAS VEGAS LIZARD KINGS : 0 - KANSAS CITY KILLERBEES : 3. 14:20 of 1st period - Jeff Carter wins face-off versus MacKenzie Entwistle in neutral zone. 14:49 of 1st period - Jaret Anderson-Dolan is hit by Matt Roy and loses puck. 14:52 of 1st period - Shot by Denis Gurianov. 14:52 of 1st period - Shot Blocked by Matthew Grzelcyk. 15:38 of 1st period - Jacob Muzzin is hit by Ryan Nugent-Hopkins. 15:48 of 1st period - Philipp Kurashev is hit by Joe Pavelski and loses puck. 17:31 of 1st period - Jakub Voracek is hit by Brandon Hagel and loses puck. 17:43 of 1st period - Minor Penalty to Will Butcher for Roughing. 17:44 of 1st period - Ryan Nugent-Hopkins wins face-off versus Zach Aston-Reese in KANSAS CITY KILLERBEES zone. 18:37 of 1st period - Shot by Brandon Hagel. 18:37 of 1st period - Shot Misses the Net. 18:39 of 1st period - Shot by Vladislav Namestnikov. 18:39 of 1st period - Deflect By Dillon Dube. 18:39 of 1st period - Shot Blocked by K'Andre Miller. 18:41 of 1st period - Shot by Brandon Hagel. 18:41 of 1st period - Shot Blocked by Nicholas Paul. 18:43 of 1st period - Shot by John Marino. 18:43 of 1st period - Shot Misses the Net. 18:45 of 1st period - Shot by John Marino. 18:45 of 1st period - Shot Blocked by K'Andre Miller. 18:47 of 1st period - Shot by John Marino. 18:47 of 1st period - Shot Misses the Net. 18:51 of 1st period - Shot by Brandon Hagel. 18:51 of 1st period - Stopped by John Gibson without a rebound. 18:52 of 1st period - Boone Jenner wins face-off versus Ryan Nugent-Hopkins in KANSAS CITY KILLERBEES zone. 19:13 of 1st period - Shot by Brandon Hagel. 19:13 of 1st period - Stopped by John Gibson without a rebound. 19:14 of 1st period - Jeff Carter wins face-off versus Nicholas Paul in KANSAS CITY KILLERBEES zone. Goals for this period are 0 for LAS VEGAS LIZARD KINGS vs 3 for KANSAS CITY KILLERBEES. Shots for this period are 5 for LAS VEGAS LIZARD KINGS vs 8 for KANSAS CITY KILLERBEES. 2nd period 0:01 of 2nd period - Boone Jenner wins face-off versus Ryan Nugent-Hopkins in neutral zone. 0:03 of 2nd period - K'Andre Miller is hit by Brayden McNabb and loses puck. 1:27 of 2nd period - Icing by K'Andre Miller. 1:28 of 2nd period - Jeff Carter wins face-off versus Boone Jenner in KANSAS CITY KILLERBEES zone. 3:37 of 2nd period - Shot by Evan Rodrigues. 3:37 of 2nd period - Stopped by John Gibson without a rebound. 3:38 of 2nd period - Luke Glendening wins face-off versus MacKenzie Entwistle in KANSAS CITY KILLERBEES zone. 4:23 of 2nd period - Icing by Jalen Chatfield. 4:24 of 2nd period - Luke Glendening wins face-off versus Morgan Barron in LAS VEGAS LIZARD KINGS zone. 4:24 of 2nd period - Luke Glendening is hit by Zach Aston-Reese. 4:48 of 2nd period - Icing by K'Andre Miller. 4:49 of 2nd period - Morgan Barron wins face-off versus Ryan Nugent-Hopkins in KANSAS CITY KILLERBEES zone. 5:06 of 2nd period - Joe Pavelski is hit by K'Andre Miller and loses puck. 5:18 of 2nd period - Johnny Gaudreau is hit by K'Andre Miller and loses puck. 5:20 of 2nd period - Minor Penalty to K'Andre Miller for Hooking. 5:21 of 2nd period - Boone Jenner wins face-off versus Jeff Carter in KANSAS CITY KILLERBEES zone. 5:42 of 2nd period - Shot by Matt Roy. 5:42 of 2nd period - Stopped by John Gibson without a rebound. 5:43 of 2nd period - Boone Jenner wins face-off versus Ryan Nugent-Hopkins in KANSAS CITY KILLERBEES zone. 5:58 of 2nd period - Shot by Ryan Nugent-Hopkins. 5:58 of 2nd period - Shot Misses the Net. 6:08 of 2nd period - Shot by Johnny Gaudreau. 6:08 of 2nd period - Shot Blocked by Sean Walker. 6:22 of 2nd period - Shot by Brandon Hagel. 6:22 of 2nd period - Stopped by John Gibson without a rebound. 6:23 of 2nd period - Boone Jenner wins face-off versus Vladislav Namestnikov in KANSAS CITY KILLERBEES zone. 6:57 of 2nd period - Shot by Dillon Dube. 6:57 of 2nd period - Shot Misses the Net. 6:59 of 2nd period - Shot by Vladislav Namestnikov. 6:59 of 2nd period - Stopped